 Dungeon Crawl Stone Soup version 0.28.0-43-g3370ac3207 (webtiles) character file.

Game seed: 11285232192745404474

58 pkoi the Chiller (level 3, -2/26 HPs)
             Began as a Demigod Ice Elementalist on Mar 30, 2022.
             Killed by nerve-wracking pain
             ... invoked by Grinder
              (12 damage)
             ... on level 3 of the Dungeon.
             The game lasted 00:03:44 (2550 turns).

pkoi the Chiller (Demigod Ice Elementalist)         Turns: 2550, Time: 00:03:44

Health: -2/26      AC:  5    Str:  9    XL:     3   Next: 52%
Magic:  2/8        EV: 11    Int: 21    God:
Gold:   47         SH:  0    Dex: 14    Spells: 1/5 levels left

rFire   + . .      SeeInvis +   f - +0 quarterstaff (protect)
rCold   . . .      Faith    .   (shield currently unavailable)
rNeg    . . .      Spirit   .   m - +2 leather armour of the Arcane {rF+ SInv}
rPois   .          Reflect  .   (no helmet)
rElec   .          Harm     .   (no cloak)
rCorr   .          Rampage  .   (no gloves)
Will    .....                   (no boots)
Stlth   ++........              (no amulet)
HPRegen 0.08/turn               (no ring)
MPRegen 0.11/turn               (no ring)

@: no status effects
A: high MP 1, forlorn, divine attributes
a: no special abilities


You were on level 3 of the Dungeon.
You visited 1 branch of the dungeon, and saw 3 of its levels.

You collected 47 gold pieces.

Inventory:

Hand Weapons
 b - a +0 club
 f - a +0 quarterstaff of protection (weapon)
 g - a +0 short sword
Missiles
 h - 7 poisoned darts
Armour
 a - a +0 robe
 m - the +2 leather armour of the Arcane (worn) {rF+ SInv}
   (You found it on level 2 of the Dungeon)

   rF:        It protects you from fire.
   SInv:      It lets you see invisible.
Scrolls
 d - 2 scrolls of torment
 l - a scroll of blinking
Potions
 c - 2 potions of curing {unknown}
 e - 2 potions of ambrosia {unknown}
 i - a potion of lignification {unknown}
 j - a potion of mutation {unknown}
 k - a potion of degeneration {unknown}


   Skills:
 - Level 1.7 Dodging
 - Level 1.7 Stealth
 + Level 1.7 Spellcasting
 * Level 5.0 Ice Magic


You had one spell level left.
You knew the following spells:

 Your Spells              Type           Power      Damage    Failure   Level
a - Freeze                Ice            88%        1d10      2%          1
b - Frozen Ramparts       Ice            44%        1d6       9%          3

Your spell library contained the following spells:

 Spells                   Type           Power      Damage    Failure   Level
 Ozocubu's Armour         Ice            22%        N/A       9%          3
 Hailstorm                Conj/Ice       12%        3d5       58%         4
 Ozocubu's Refrigeration  Ice            11%        4d7       100%        7


Dungeon Overview and Level Annotations

Branches:
Dungeon (3/15)

Annotations:
D:3 Grinder


Innate Abilities, Weirdness & Mutations

You have an increased reservoir of magic. (+10% MP)
You shall have no god before yourself.
Your divine heritage dramatically boosts your attributes as you level up.


Message History

Aiming: Freeze (safe; 2% risk of failure)
Press: ? - help, Q - select action, (/) - cycle Shift-Dir - straight line, f/p - Grinder
Aim: Grinder (lightly wounded)
You freeze Grinder.
Grinder resists.
Grinder is lightly wounded.
Grinder resists.
The wall freezes Grinder.
Grinder hits you but does no damage.
Aiming: Freeze (safe; 2% risk of failure)
Press: ? - help, Q - select action, (/) - cycle Shift-Dir - straight line, f/p - Grinder
Aim: Grinder (lightly wounded)
You freeze Grinder.
Grinder resists.
Grinder is lightly wounded.
Grinder completely resists.
The wall freezes Grinder but does no damage.
Grinder blinks!
Grinder resists.
The wall freezes Grinder.
Grinder barely misses you.
You barely miss Grinder.
Grinder is lightly wounded.
The frozen ramparts melt away.
Grinder hits you.
* * * LOW HITPOINT WARNING * * *
You writhe in agony.
* * * LOW HITPOINT WARNING * * *
You hit Grinder.
Your weapon exudes an aura of protection.
Grinder is moderately wounded.
Grinder misses you.
You hit Grinder but do no damage.
Grinder is moderately wounded.
Grinder hits you.
* * * LOW HITPOINT WARNING * * *
You writhe in agony.
* * * LOW HITPOINT WARNING * * *
Okay, then.
Unknown command.
Grinder blinks!
There is an open door here.
You close the door.
Grinder breaks down the door.
Grinder gestures at you. Pain shoots through your body!
You die...

#.....# #.....# #.....#
#.....# #.....# #.....#
##....#
###....###########
..'....'...5....@#######
.##....#########.#.....#
.##....# ###.#.###.#
.##....# #...#.###.#
.##.5..# #.#.....#.#
.###.### #.#.#.#.#.# .#
#.# #.....#.#.## ## .#.
#######.###....# ## .8
#.....#.# ######


You could see Grinder.

Vanquished Creatures
  An adder (D:2)
  A bat (D:1)
  3 endoplasms (D:1)
  2 giant cockroaches
  7 goblins
  3 hobgoblins (D:1)
  7 jackals
  2 quokkas (D:1)
  5 ball pythons
  6 frilled lizards
  6 kobolds
  2 rats (D:1)
45 creatures vanquished.

Notes
Turn   | Place    | Note
-------+----------+-------------------------------------------
     0 | D:1      | pkoi the Demigod Ice Elementalist began the quest for the
                  | Orb.
     0 | D:1      | Reached XP level 1. HP: 14/14 MP: 5/5
   154 | D:1      | Reached skill level 4 in Ice Magic
   340 | D:1      | Reached XP level 2. HP: 19/20 MP: 2/7
  1104 | D:1      | Reached XP level 3. HP: 26/26 MP: 6/8
  1441 | D:2      | Learned a level 3 spell: Frozen Ramparts
  2011 | D:2      | Identified the +2 leather armour of the Arcane {rF+ SInv}
  2388 | D:3      | Reached skill level 5 in Ice Magic
  2521 | D:3      | Noticed Grinder
  2550 | D:3      | Killed from afar by Grinder

Illustrated notes

Levels and vault maps discovered:
D:1:      grunt_arrival_crossed_arrows, layout_loops_ring
D:2:      layout_loops_ring
D:3:      layout_basic, shapermc_ecumenical_altar_venn, feat_on_display,
          uniq_grinder, uniq_terence, uniq_robin

Skill      XL: |  1  2  3 |
---------------+----------+-----
Ice Magic      | 4 5 |  5.0
Dodging        | |  1.7
Stealth        | |  1.7
Spellcasting   | |  1.7

Action                   || total
-------------------------++-------
Melee: Club              ||     1
       Unarmed           ||     1
       Short sword       ||    11
       Quarterstaff      ||     3
 Cast: Freeze            ||    62
       Frozen Ramparts   ||     2
  Use: Scroll            ||     3
 Stab: Sleeping          ||     2
Armor: Robe              ||     9
       Leather armour    ||     2
Dodge: Dodged            ||    33
